 Dungeon Sprint DCSS version 0.21.1-1-g345015f (webtiles) character file.

1510 wilfster70 the Unseen (level 8, -3/52 HPs)
             Began as a Vampire Enchanter on Apr 4, 2018.
             Was a Follower of Wu Jian.
             Slain by a centaur warrior (7 damage)
             ... in the Dungeon (Sprint I: "Red Sonja").
             The game lasted 00:03:43 (272 turns).

wilfster70 the Unseen (Vampire Enchanter)            Turns: 272, Time: 00:03:44

Health: -3/52      AC:  3    Str:  7    XL:     8   Next: 53%
Magic:  17/20      EV: 13    Int: 19    God:    Wu Jian [*.....]
Gold:   404        SH:  0    Dex: 15    Spells: 18/24 levels left

rFire    . . .     SeeInvis +   a - +1 dagger (drain)
rCold    . . .     Gourm    .   (no shield)
rNeg     + . .     Faith    .   b - +0 robe
rPois    .         Spirit   .   (no helmet)
rElec    .         Reflect  .   i - +0 cloak {+Inv}
rCorr    .         Harm     .   (no gloves)
MR       .....     NoTele   +   (no boots)
Stlth    ++++......             (no amulet)
HPRegen  0.17/turn              (no ring)
MPRegen  0.17/turn              (no ring)

@: very slow
A: fangs 3, see invisible, unbreathing
a: Bat Form, Renounce Religion, Evoke Invisibility


You were in the Dungeon.
You worshipped Wu Jian.
Wu Jian was aware of your devotion.
You were not thirsty.

You visited 1 branch You collected 539 gold pieces.
You spent 135 gold pieces at shops.

Inventory:

Hand Weapons
 a - a +1 dagger of draining (weapon)
 m - a +0 blowgun
Armour
 b - a +0 robe (worn)
 i - a +0 cloak of invisibility (worn)
Scrolls
 j - a scroll of blinking
 k - a scroll of identify {unknown}
Potions
 d - 3 potions of blood
 e - a potion of curing
 f - a potion of heal wounds
 g - a potion of haste
 h - 2 potions of magic
 l - a potion of resistance {unknown}
Books
 c - a book of Maledictions

   Spells                             Type                      Level
   a - Corona                         Hexes                        1
   b - Ensorcelled Hibernation        Hexes/Ice                    2
   c - Confuse                        Hexes                        3
   d - Tukima's Dance                 Hexes                        3
   e - Dazzling Spray                 Conjuration/Hexes            3


   Skills:
 + Level 7.3 Short Blades
 - Level 2.1 Dodging
 * Level 18.4 Stealth
 + Level 8.6 Spellcasting
 - Level 9.8 Hexes
 + Level 6.5 Ice Magic


You had 18 spell levels left.
You knew the following spells:

 Your Spells              Type           Power        Failure   Level  Hunger
a - Corona                Hex            #####..      1%          1    None
b - Ensorcelled Hibernat  Hex/Ice        #####.       1%          2    None
c - Confuse               Hex            #####...     1%          3    None


Dungeon Overview and Level Annotations

Branches:
Dungeon (1/1)

Altars:
Cheibriados
Dithmenos
Elyvilon
Fedhas
Gozag
Hepliaklqana
Kikubaaqudgha
Nemelex Xobeh
Okawaru
Qazlal
Ru
Sif Muna
Trog
Uskayaw
Vehumet
Wu Jian
Yredelemnul
Zin
The Shining One

Shops:
D (*[


Innate Abilities, Weirdness & Mutations

You have razor-sharp teeth.
You have supernaturally acute eyesight. (SInv)
You can survive without breathing.


Message History

There is an open door here.
You enter the shallow water.
Moving in this stuff is going to be slow.
The centaur warrior shouts!
The centaur warrior wields a shortbow.
The centaur warrior shoots an arrow.
The arrow hits you!!
You hear a splash.
The centaur warrior hits you.
The centaur warrior shoots an arrow.
The arrow hits you!!
* * * LOW HITPOINT WARNING * * *
You hear a splash.
You see here 2 arrows.
Casting: Ensorcelled Hibernation
Confirm with . or Enter, or press ? or * to list all spells.
Aiming: Ensorcelled Hibernation
Press: ? - help, Shift-Dir - straight line, f - centaur warrior
Aim: a centaur warrior (purple smoke, chance to defeat MR: 50%)
The centaur warrior resists with some effort.
The centaur warrior hits you!
You die...

##############
.#.)').#.)'..#
.'..#..'..#..+
.#####'#####'# ###
.####..#...#.### §§#
.#__####..##)#§§§§§#
.#_____##'#_.+§§§c§+
⌠#_.∩..†'..._#§§@§c#
##_..__##_.#'##'####
#_____###'#.#[§()###
##########.####'###(##
^.......'...'.....'.∩#
#++++####.).##########
##.## #+#


You could see 2 centaur warriors.

Vanquished Creatures
  Sonja (D)
  A deep troll (D)
  Sigmund (D)
  A yak (D)
  An ogre (D)
  A jelly (D)
  Ijyb (D)
7 creatures vanquished.

Notes
Turn   | Place    | Note
-------+----------+-------------------------------------------
     0 | D        | wilfster70 the Vampire Enchanter began the quest for the Orb.
     0 | D        | Reached XP level 1. HP: 13/13 MP: 3/3
     1 | D        | Noticed Ijyb
     8 | D        | Killed Ijyb
     8 | D        | Reached skill level 7 in Stealth
     8 | D        | Reached XP level 2. HP: 19/19 MP: 4/6
    16 | D        | Learned a level 2 spell: Ensorcelled Hibernation
    43 | D        | Noticed an ogre
    47 | D        | Killed an ogre
    47 | D        | Reached skill level 10 in Stealth
    47 | D        | Reached XP level 3. HP: 24/24 MP: 2/9
    47 | D        | Reached XP level 4. HP: 30/30 MP: 2/10
   119 | D        | Noticed Sigmund
   122 | D        | Killed Sigmund
   122 | D        | Reached skill level 13 in Stealth
   122 | D        | Reached skill level 5 in Spellcasting
   122 | D        | Reached XP level 5. HP: 35/35 MP: 11/13
   136 | D        | Found a deep blue altar of Sif Muna.
   137 | D        | Found an ornate altar of the Wu Jian Council.
   138 | D        | Found a radiant altar of Vehumet.
   142 | D        | Reached skill level 1 in Ice Magic
   142 | D        | Reached XP level 6. HP: 41/41 MP: 15/15
   144 | D        | Became a worshipper of the Wu Jian Council
   147 | D        | Found Qopiy's Assorted Antiques.
   147 | D        | Found an ancient bone altar of Kikubaaqudgha.
   147 | D        | Found a hazy altar of Hepliaklqana.
   147 | D        | Found a stormy altar of Qazlal.
   147 | D        | Found a hide-covered altar of Uskayaw.
   147 | D        | Found a blossoming altar of Fedhas.
   147 | D        | Found a bloodstained altar of Trog.
   147 | D        | Found an iron altar of Okawaru.
   147 | D        | Found a basalt altar of Yredelemnul.
   147 | D        | Found a glowing golden altar of the Shining One.
   147 | D        | Found a snail-covered altar of Cheibriados.
   147 | D        | Found a sacrificial altar of Ru.
   147 | D        | Found a glowing silver altar of Zin.
   147 | D        | Found a shadowy altar of Dithmenos.
   147 | D        | Found a white marble altar of Elyvilon.
   147 | D        | Noticed a yak
   148 | D        | Found an opulent altar of Gozag.
   148 | D        | Killed a yak
   148 | D        | Reached skill level 15 in Stealth
   149 | D        | Found a sparkling altar of Nemelex Xobeh.
   153 | D        | Bought an embroidered cloak for 135 gold pieces
   193 | D        | Noticed Sonja
   196 | D        | Killed Sonja
   196 | D        | Reached skill level 17 in Stealth
   196 | D        | Reached skill level 5 in Ice Magic
   196 | D        | Reached XP level 7. HP: 46/46 MP: 16/18
   219 | D        | Found Enylowk's Weapon Boutique.
   239 | D        | Noticed a deep troll
   243 | D        | Killed a deep troll
   243 | D        | Reached * piety under Wu Jian
   243 | D        | Reached skill level 18 in Stealth
   243 | D        | Reached XP level 8. HP: 52/52 MP: 14/20
   248 | D        | Learned a level 3 spell: Confuse
   257 | D        | Found Voholulu's Armour Emporium.
   271 | D        | Noticed a centaur warrior
   271 | D        | Noticed a centaur warrior
   272 | D        | Slain by a centaur warrior

Skill      XL: |  1  2  3  4  5  6  7 |
---------------+----------------------+-----
Stealth        | 7 10 13 17 18 | 18.4
Spellcasting   | 3 4 5 6 7 8 |  8.6
Hexes          | 6 7 9 |  9.8
Ice Magic      | 1 5 6 |  6.5
Short Blades   | 6 7 |  7.3
Dodging        | |  2.1

Action                   |  1- 3 |  4- 6 |  7- 9 || total
-------------------------+-------+-------+-------++-------
Melee: Dagger            |     5 |     4 |     1 ||    10
       Bite              |     1 |       |       ||     1
 Cast: Ensorcelled Hiber |     2 |       |     3 ||     5
Invok: Lunge             |       |     2 |       ||     2
  Use: Potion            |     1 |       |       ||     1
 Stab: Sleeping          |     2 |     4 |     1 ||     7
Dodge: Dodged            |     2 |       |       ||     2
